 Dungeon Sprint DCSS version 0.28-a0-224-g76b539d98b (webtiles) character file.

Game seed: 6090373506673203531

64 MikeHunt the Schismatic (level 3, -2/46 HPs)
             Began as a Palentonga Abyssal Knight on Aug 21, 2021.
             Was an Elder of Lugonu.
             Slain by a warg (7 damage)
             ... in the Dungeon (Sprint VII: "The Pits").
             The game lasted 00:01:47 (608 turns).

MikeHunt the Schismatic (Palentonga Abyssal Knight)  Turns: 608, Time: 00:01:47

Health: -2/46      AC: 11    Str: 15    XL:     3   Next: 91%
Magic:  6/6        EV:  4    Int: 12    God:    Lugonu [****..]
Gold:   0          SH:  0    Dex: 10    Spells: 2/2 levels left

rFire   . . .      SeeInvis +   l - +1 long sword (holy)
rCold   . . .      Faith    .   (no shield)
rNeg    . . .      Spirit   .   m - +3 chain mail
rPois   .          Reflect  .   (no helmet)
rElec   .          Harm     .   (no cloak)
rCorr   .          Rampage  .   (no gloves)
Will    .....      NoTele   +   (no barding)
Stlth   ..........              (no amulet)
HPRegen 0.15/turn               (no ring)
MPRegen 0.10/turn               (no ring)

@: berserking, very quick
A: large, rugged brown scales 3, see invisible, deformed body, roll 1, armoured
tail
a: Rolling Charge, Renounce Religion, Bend Space, Banish, Corrupt


You were in the Dungeon.
You worshipped Lugonu.
Lugonu was greatly pleased with you.
You visited 1 branch

Inventory:

Hand Weapons
 a - a +1 falchion
 i - a +2 falchion
 l - a +1 long sword of holy wrath (weapon)
Armour
 b - a +0 leather armour
 m - a +3 chain mail (worn)
Scrolls
 h - a scroll of blinking
 k - a scroll of summoning
Potions
 c - 6 potions of curing
 d - 6 potions of heal wounds
 e - a potion of haste
 f - 4 potions of magic
 g - a potion of berserk rage
 j - 2 potions of invisibility


   Skills:
 - Level 3.5 Fighting
 + Level 4.8 Long Blades
 + Level 3.1 Armour
 - Level 1.6 Dodging
 + Level 5.2 Invocations


You had 2 spell levels left.
You didn't know any spells.
Your spell library was empty.

Dungeon Overview and Level Annotations

Branches:
Dungeon (1/1)

Altars:
Ashenzari
Cheibriados
Dithmenos
Elyvilon
Fedhas
Gozag
Hepliaklqana
Kikubaaqudgha
Makhleb
Nemelex Xobeh
Okawaru
Qazlal
Ru
Sif Muna
Trog
Uskayaw
Vehumet
Wu Jian
Xom
Yredelemnul
Zin
The Shining One
Beogh
Jiyva
Lugonu


Innate Abilities, Weirdness & Mutations

You are completely covered in rugged brown scales. (AC +3, +7% HP)
You have supernaturally acute eyesight. (SInv)
Armour fits poorly on your strangely shaped body.
You can roll at nearby foes to attack.
You have a long armoured tail.


Message History

You miss the crimson imp.
The crimson imp hits you but does no damage.
You miss the crimson imp. The crimson imp hits you.
The crimson imp hits you but does no damage.
You slash the crimson imp!
The crimson imp convulses.
The crimson imp is almost dead.
The crimson imp hits you.
Your chain mail prevents you from hitting the crimson imp.
The crimson imp is almost dead.
The crimson imp hits you but does no damage.
You hit the crimson imp but do no damage.
The crimson imp is severely wounded.
The crimson imp hits you but does no damage.
You slash the crimson imp!
You kill the crimson imp!
Lugonu accepts your kill. The warg bites you but does no damage.
Your Armour skill increases to level 3!
Your Invocations skill increases to level 5!
You barely miss the warg. The warg bites you.
A jackal comes into view.
The warg bites you.
A red film seems to cover your vision as you go berserk!
You feel yourself moving faster!
You feel mighty!
The jackal barks!
The warg bites you!
You barely miss the warg. The warg bites you but does no damage.
You slash the warg!
The warg is heavily wounded.
A jackal comes into view.
The warg bites you!
You closely miss the warg.
The warg is heavily wounded.
The jackal barks!
You hear a bark!
The warg bites you!
* * * LOW HITPOINT WARNING * * *
You slash the warg!
The warg is severely wounded.
The warg bites you!
You die...

#'#####'#####.....
#.#.....#[.##.....
#.#.....#))#####'#
#.###'###).##.....
#.#.)...#))##.....
#.#.....#..##.....
#.####†##'###...<.
#.#........##.....
#@#........##.....
#h###########.....


#hh ###### #h## #h# #h# #.. #.. You could see a warg and 5 jackals.

Vanquished Creatures
  A crimson imp (D)
  2 gnolls (D)
  A ball python (D)
  A bat skeleton (D)
  An endoplasm (D)
  A goblin (D)
  A jackal (D)
  A kobold (D)
  A ball python zombie (D)
  A rat (D)
11 creatures vanquished.

Notes
Turn   | Place    | Note
-------+----------+-------------------------------------------
     0 | D        | MikeHunt the Palentonga Abyssal Knight began the quest for
                  | the Orb.
     0 | D        | Reached XP level 1. HP: 19/19 MP: 2/2
    15 | D        | Reached skill level 1 in Dodging
    15 | D        | Reached XP level 2. HP: 22/25 MP: 4/4
    40 | D        | Found a glowing golden altar of the Shining One.
    40 | D        | Found a glowing silver altar of Zin.
    40 | D        | Found a basalt altar of Yredelemnul.
    40 | D        | Found a shimmering altar of Xom.
    40 | D        | Found an ornate altar of the Wu Jian Council.
    40 | D        | Found a bloodstained altar of Trog.
    40 | D        | Found a shimmering blue altar of Sif Muna.
    40 | D        | Found a sacrificial altar of Ru.
    40 | D        | Found a stormy altar of Qazlal.
    40 | D        | Found an iron altar of Okawaru.
    40 | D        | Found a sparkling altar of Nemelex Xobeh.
    40 | D        | Found a burning altar of Makhleb.
    40 | D        | Found a viscous altar of Jiyva.
    40 | D        | Found a hazy altar of Hepliaklqana.
    40 | D        | Found an opulent altar of Gozag.
    40 | D        | Found a blossoming altar of Fedhas.
    40 | D        | Found a white marble altar of Elyvilon.
    40 | D        | Found a shadowy altar of Dithmenos.
    40 | D        | Found a snail-covered altar of Cheibriados.
    41 | D        | Found a radiant altar of Vehumet.
    41 | D        | Found a corrupted altar of Lugonu.
    42 | D        | Found a hide-covered altar of Uskayaw.
    42 | D        | Found an ancient bone altar of Kikubaaqudgha.
    42 | D        | Found a broken altar of Ashenzari.
    63 | D        | Reached ** piety under Lugonu
    65 | D        | Reached skill level 3 in Invocations
   306 | D        | Reached skill level 4 in Invocations
   458 | D        | Reached *** piety under Lugonu
   586 | D        | Noticed a warg
   587 | D        | Noticed a crimson imp
   593 | D        | Reached **** piety under Lugonu
   594 | D        | Reached XP level 3. HP: 31/31 MP: 6/6
   603 | D        | Reached skill level 5 in Invocations
   608 | D        | Slain by a warg

Illustrated notes

Levels and vault maps discovered:
D:        pitsprint [storerooms_1, entrance_room_1, metal_vault_2, armoury_1,
          mini_pit_1, grid_room_1, main_hall_1, silver_pit, the_coven_2,
          the_vestibule_1, steel_vault_2, golden_pit, hallway_of_sentries,
          crystal_vault_4, iron_vault_4, final_vault]

Skill      XL: |  1  2  3 |
---------------+----------+-----
Armour         | 2 3 |  3.1
Dodging        | 1 |  1.6
Long Blades    | 4 |  4.8
Invocations    | 4 5 |  5.2
Fighting       | |  3.5

Action                   || total
-------------------------++-------
Melee: Falchion          ||    31
       Long sword        ||    18
       Tailslap          ||     2
  Use: Potion            ||     2
Armor: Leather armour    ||     4
       Chain mail        ||    12
Dodge: Dodged            ||    14
       Rpst.: Falchion   ||     5

Table legend: (Time is in decaauts)
 A = Elapsed time spent in this place.
 B = Non-inter-level travel time spent in this place.
 C = Inter-level travel time spent in this place.
 D = Time resting spent in this place.
 E = Time spent auto-exploring this place.
 F = Levels seen in this place.
 G = Mean time per level.
                   A        B        C        D        E       F      G
               +--------+--------+--------+--------+--------+-----+--------+
         Total |    618 |    618 |      0 |    426 |      0 |   1 |  618.0 |
       Dungeon |    618 |    618 |      0 |    426 |      0 |   1 |  618.0 |
               +--------+--------+--------+--------+--------+-----+--------+

Top non-repeatable levels by time:
       D: 618 daAuts
